 Dungeon Crawl Stone Soup version 0.21-a0-157-gb89e0e2 (webtiles) character file.

66 Goblin1989 the Skirmisher (level 3, -4/45 HPs)
             Began as a Demonspawn Monk on Aug 4, 2017.
             Killed from afar by Sigmund (8 damage)
             ... with a wand of flame (?/48)
             ... on level 2 of the Dungeon.
             The game lasted 00:06:01 (2007 turns).

Goblin1989 the Skirmisher (Demonspawn Monk)         Turns: 2007, Time: 00:06:02

Health: -4/45      AC: 10    Str: 17    XL:     3   Next: 96%
Magic:  3/3        EV:  8    Int: 11    God:
Gold:   78         SH:  0    Dex: 15    Spells: 2/2 levels left

rFire    . . .     SeeInvis .   a - +0 mace
rCold    . . .     Gourm    .   (no shield)
rNeg     . . .     Faith    .   r - +0 chain mail (curse)
rPois    .         Spirit   .   (no helmet)
rElec    .         Reflect  .   (no cloak)
rCorr    .         Harm     .   (no gloves)
MR       .....                  (no boots)
Stlth    ..........             w - amulet of rage
HPRegen  0.15/turn              (no ring)
MPRegen  0.08/turn              (no ring)

@: berserking, very quick
A: slimy green scales 1
a: Evoke Berserk Rage


You were on level 2 of the Dungeon.
You were not hungry.

You visited 1 branch of the dungeon, and saw 2 of its levels.

You collected 78 gold pieces.

Inventory:

Hand Weapons
 a - a +0 mace (weapon)
 q - a +4 short sword of venom
Missiles
 k - 61 arrows
 m - 94 stones (quivered)
 u - 18 bolts
 z - 10 poisoned needles
Armour
 b - a +0 robe
 r - a cursed +0 chain mail (worn)
Jewellery
 w - an amulet of rage (around neck)
Scrolls
 i - a scroll of enchant armour {unknown}
 l - a scroll of fear {unknown}
 o - a scroll of random uselessness {unknown}
 t - a scroll of enchant weapon {unknown}
 y - a scroll of magic mapping {unknown}
Potions
 g - a potion of mutation {unknown}
 n - a potion of curing {unknown}
 v - a potion of might {unknown}
Comestibles
 e - a bread ration {@e1}
 j - a fruit
 x - a chunk of flesh


   Skills:
 + Level 4.3 Fighting
 - Level 2.6 Maces & Flails
 + Level 1.5 Throwing
 - Level 2.6 Dodging
 - Level 1.7 Stealth
 + Level 0.4 Evocations


You had 2 spell levels left.
You didn't know any spells.

Dungeon Overview and Level Annotations

Branches:
Dungeon (2/15)

Altars:
Fedhas
Trog
Xom
The Shining One

Annotations:
D:2 Sigmund


Innate Abilities, Weirdness & Mutations

You are partially covered in slimy green scales. (AC +2)


Message History

Sigmund shouts!
Sigmund zaps a wand.
The puff of flame hits you!
It is a wand of flame (?/48).
You take 4 damage, and have 26/30 hp.
Sigmund hits you from afar with a scythe.
You take 2 damage, and have 24/30 hp.
Sigmund barely misses you.
You hit Sigmund.
Sigmund is lightly wounded.
You barely miss Sigmund.
Sigmund is lightly wounded.
Sigmund hits you with a scythe.
You take 2 damage, and have 22/30 hp.
You hit Sigmund but do no damage.
Sigmund is lightly wounded.
Sigmund points at you and mumbles some strange words.
You resist with significant effort.
You barely miss Sigmund.
Sigmund is lightly wounded.
Sigmund hits you with a scythe.
You take 3 damage, and have 19/30 hp.
Your chain mail prevents you from hitting Sigmund.
Sigmund is lightly wounded.
Sigmund casts a spell at you. You resist with significant effort.
You barely miss Sigmund.
Sigmund is lightly wounded.
Sigmund hits you but does no damage.
You sock Sigmund!
Sigmund is moderately wounded.
Sigmund screams, "I am the angel of ZOT!!!"
Sigmund hits you but does no damage.
You barely miss Sigmund.
Sigmund is moderately wounded.
Sigmund zaps a wand.
The puff of flame hits you!
You take 3 damage, and have 17/30 hp.
You are too injured to fight recklessly!
You are too injured to fight recklessly!
You are too injured to fight recklessly!
You are too injured to fight recklessly!
You are too injured to fight recklessly!
You are too injured to fight recklessly!
You are too injured to fight recklessly!
You are too injured to fight recklessly!
You are too injured to fight recklessly!
You are too injured to fight recklessly!
You are too injured to fight recklessly!
You are too injured to fight recklessly!
You are too injured to fight recklessly!
You are too injured to fight recklessly!
You are too injured to fight recklessly!
You are too injured to fight recklessly!
You are too injured to fight recklessly!
You are too injured to fight recklessly!
You are too injured to fight recklessly!
You are too injured to fight recklessly!
You are too injured to fight recklessly!
You are too injured to fight recklessly!
You are too injured to fight recklessly!
You are too injured to fight recklessly!
You are too injured to fight recklessly!
You are too injured to fight recklessly!
You are too injured to fight recklessly!
You are too injured to fight recklessly!
You are too injured to fight recklessly!
You barely miss Sigmund.
Sigmund is moderately wounded.
Sigmund points at you and mumbles some strange words.
The magic dart hits you! Sigmund gestures at you while chanting.
You resist with significant effort.
You take 3 damage, and have 14/30 hp.
You hit Sigmund.
Sigmund is heavily wounded.
Sigmund casts a spell at you. The puff of flame hits you!
* * * LOW HITPOINT WARNING * * *
You take 4 damage, and have 10/30 hp.
You closely miss Sigmund.
Sigmund is heavily wounded.
Sigmund breathes a few words.
Sigmund's hands start flickering wildly.
Sigmund zaps a wand.
The puff of flame hits you!
* * * LOW HITPOINT WARNING * * *
You take 5 damage, and have 5/30 hp.
Your chain mail prevents you from hitting Sigmund.
Sigmund is heavily wounded.
Sigmund hits you with a scythe.
* * * LOW HITPOINT WARNING * * *
You take 3 damage, and have 2/30 hp.
Unknown command.
It was a potion of berserk rage.
A red film seems to cover your vision as you go berserk!
You feel yourself moving faster!
You feel mighty!
Sigmund points at you and mumbles some strange words.
You resist with significant effort.
You now have 3/45 hp.
You hit Sigmund.
Sigmund is severely wounded.
Sigmund zaps a wand.
The puff of flame hits you!
You die...

█.........█ █..............
█....8..⌂.█ █.████.......█.
█.........████████.████.█.......
██........∆...........█.█.......
█...⌂....████████.██.█.█[......
█........█........██.█.██....██
██████████.█████.....█.███████
█.█.@<█.█████.█ █.█ █@█.█ █.█
█.█ █.█.█ █....█ █.███.█.█
████.█ █.....█.█ █ ███████.█ █.█


You could see Sigmund.

Vanquished Creatures
  2 adders (D:2)
  A worm (D:2)
  3 dart slugs
  A leopard gecko (D:2)
  4 bats
  4 giant cockroaches (D:1)
  4 goblins
  5 hobgoblins
  2 jackals (D:2)
  2 frilled lizards (D:2)
  4 kobolds
  6 rats
38 creatures vanquished.

Notes
Turn   | Place    | Note
-------+----------+-------------------------------------------
     0 | D:1      | Goblin1989 the Demonspawn Monk began the quest for the Orb.
     0 | D:1      | Reached XP level 1. HP: 18/18 MP: 1/1
   478 | D:1      | Gained mutation: You are partially covered in slimy green scales. (AC +2) [demonic ancestry]
   478 | D:1      | Reached XP level 2. HP: 23/24 MP: 2/2
  1053 | D:1      | Reached skill level 4 in Fighting
  1173 | D:2      | Reached XP level 3. HP: 30/30 MP: 3/3
  1240 | D:2      | Reached skill level 1 in Throwing
  1399 | D:2      | Found a glowing golden altar of the Shining One.
  1742 | D:2      | Found a bloodstained altar of Trog.
  1744 | D:2      | Found a blossoming altar of Fedhas.
  1745 | D:2      | Found a shimmering altar of Xom.
  1991 | D:2      | Noticed Sigmund
  2007 | D:2      | Killed from afar by Sigmund

Vault maps used:
D:1:      sevenhm_arrival_forest_fort_large_4
D:2:      nicolae_tso_carved_into_rock, grunt_temple_overflow_open, uniq_sigmund

Skill      XL: |  1  2  3 |
---------------+----------+-----
Fighting       | 4 |  4.3
Throwing       | 1 |  1.5
Maces & Flails | |  2.6
Dodging        | |  2.6
Stealth        | |  1.7
Evocations     | |  0.4

Action                   || total
-------------------------++-------
Melee: Mace              ||   171
  Use: Potion            ||     1
 Stab: Sleeping          ||     1
  Eat: Chunk             ||     4
Armor: Robe              ||    14
       Chain mail        ||   107
Dodge: Dodged            ||    88

Vault maps used:
D:1:      sevenhm_arrival_forest_fort_large_4
D:2:      nicolae_tso_carved_into_rock, grunt_temple_overflow_open, uniq_sigmund
